 Dungeon Crawl Stone Soup version 0.27-a0-1324-ge0d8e047f6 (webtiles) character file.

Game seed: 8303574006693295012

211300 Nattfarinn the Warrior (level 19, -6/148 HPs)
             Began as a Djinni Fire Elementalist on June 23, 2021.
             Was the Champion of Makhleb.
             Mangled by an alligator snapping turtle (42 damage)
             ... on level 4 of the Shoals.
             The game lasted 02:01:15 (37752 turns).

Nattfarinn the Warrior (Djinni Fire Elementalist)  Turns: 37752, Time: 02:01:16

Health: -6/148     AC: 16    Str: 14    XL:     19   Next: 60%
Gold:   2177       EV: 22    Int: 31    God:    Makhleb [******] SH: 10 Dex: 27

rFire    + + +     SeeInvis .   n - +8 trident of Crusades {drain, Str+7 Int+3}
rCold    . . .     Faith    .   u - +2 kite shield {reflect}
rNeg     . . .     Spirit   .   y - +3 troll leather armour
rPois    ∞         Reflect  +   w - +1 hat
rElec    .         Harm     .   M - scarf {rC+ rF+}
rCorr    .         Rampage  .   K - +1 pair of gloves {Stlth+}
Will     +....                  (boots unavailable)
Stlth    +++.......             T - amulet "Vowix" {Acrobat Int+3 Dex+7}
HPRegen  1.34/turn              k - +6 ring of dexterity
MPRegen  0.00/turn              s - +4 ring of protection

@: flying
A: sickness immunity, fire resistance 2, cold vulnerability 1, float, innate
caster, hp casting, extra vitality 1
}: 1/15 runes: gossamer
a: Renounce Religion, Minor Destruction, Lesser Servant of Makhleb, Major
Destruction, Greater Servant of Makhleb


You were on level 4 of the Shoals.
You worshipped Makhleb.
Makhleb was exalted by your worship.
You visited 7 branches of the dungeon, and saw 33 of its levels.
You also visited: Gauntlet.

You collected 3105 gold pieces.
You spent 928 gold pieces at shops.

Inventory:

Hand Weapons
 n - the +8 trident of Crusades (weapon) {drain, Str+7 Int+3}
   (You found it on level 2 of the Lair of Beasts)

   A truly terrible weapon, it drains the life of those it strikes.
   It affects your strength (+7).
   It affects your intelligence (+3).
Missiles
 d - 4 boomerangs of dispersal
 l - 5 throwing nets
 o - 14 curare-tipped darts
Armour
 u - a +2 kite shield of reflection (worn)
 w - a +1 hat (worn)
 y - a +3 troll leather armour (worn)
 K - a +1 pair of gloves of stealth (worn)
 M - a scarf of resistance (worn)
 S - the +0 hat "Sykythio" {+Inv rF+}
   (You found it in a Gauntlet)

   It protects you from fire.
   It lets you turn invisible.
 U - the +2 robe of Delicate Amelioration {Dex+3}
   (You found it in a Gauntlet)

   It affects your dexterity (+3).
Jewellery
 e - a ring of ice
 j - a ring of wizardry
 k - a +6 ring of dexterity (left hand)
 s - a +4 ring of protection (right hand)
 v - an amulet of the acrobat
 x - a ring of positive energy
 F - a ring of willpower
 I - a ring of see invisible
 J - an amulet of reflection
 T - the amulet "Vowix" (around neck) {Acrobat Int+3 Dex+7}
   (You found it in a Gauntlet)

   [amulet of the acrobat]

   It increases your evasion while moving and waiting.
   It affects your intelligence (+3).
   It affects your dexterity (+7).
 X - the ring "Zuxtac" {rPois rCorr Int-5 SInv}
   (You found it on level 13 of the Dungeon)

   [ring of see invisible]

   It affects your intelligence (-5).
   It protects you from poison.
   It lets you see invisible.
   It protects you from acid and corrosion.
Wands
 f - a wand of flame (31)
 r - a wand of mindburst (24)
 C - a wand of iceblast (38)
 D - a wand of polymorph (20)
 N - a wand of paralysis (7)
 V - a wand of digging (4)
Scrolls
 a - 6 scrolls of identify
 c - a scroll of silence
 h - 3 scrolls of teleportation
 t - 2 scrolls of holy word
 z - a scroll of brand weapon
 G - 3 scrolls of vulnerability
 P - 4 scrolls of enchant weapon
 R - 2 scrolls of fear
 Y - a scroll of fog
 Z - a scroll of blinking
Potions
 b - 5 potions of attraction
 g - 6 potions of curing
 i - 2 potions of haste
 m - 3 potions of invisibility
 p - 6 potions of ambrosia
 q - 5 potions of mutation
 A - 6 potions of brilliance
 B - a potion of heal wounds
 E - 3 potions of might
 H - 3 potions of resistance
 L - a potion of berserk rage
 O - 2 potions of lignification
Miscellaneous
 Q - a condenser vane
 W - a phantom mirror


   Skills:
 - Level 17.2 Fighting
 - Level 9.5 Armour
 - Level 13.8 Dodging
 - Level 1.5 Stealth
 + Level 16.6 Spellcasting
 * Level 14.7 Evocations


You couldn't memorise any spells.
You knew the following spells:

 Your Spells              Type           Power      Damage    Failure   Level
a - Foxfire               Conj/Fire      100%       2x1d9     0%          1
b - Conjure Flame         Conj/Fire      92%        6-21      1%          3
c - Inner Flame           Hex/Fire       92%        N/A       1%          3
d - Sticky Flame          Conj/Fire      92%        2d10      1%          4
e - Fireball              Conj/Fire      46%        3d18      1%          5
f - Magic Dart            Conj           100%       1d8       0%          1
g - Searing Ray           Conj           100%       3d7       1%          2
h - Lesser Beckoning      Tloc           46%        N/A       1%          3
i - Ozocubu's Armour      Ice            92%        N/A       1%          3
j - Leda's Liquefaction   Hex/Erth       46%        N/A       1%          4
k - Manifold Assault      Tloc           92%        N/A       1%          5
l - Eringya's Noxious Bo  Tmut/Pois      46%        N/A       2%          6
m - Simulacrum            Ice/Necr       46%        N/A       2%          6
n - Dispersal             Tloc           46%        N/A       2%          6
Your spell library was empty.

Dungeon Overview and Level Annotations

Branches:
Dungeon (15/15)            Temple (1/1) D:4            Lair (6/6) D:10
 Shoals (4/4) Lair:4       Spider (4/4) Lair:3        Slime (0/5) Lair:5
    Orc (2/2) D:10            Elf (1/3) Orc:2        Vaults (0/5) D:13
 Depths (0/5) D:15        Gauntlet (visited)

Altars:
Ashenzari
Cheibriados
Dithmenos
Elyvilon
Fedhas
Gozag
Hepliaklqana
Kikubaaqudgha
Makhleb
Nemelex Xobeh
Okawaru
Qazlal
Ru
Sif Muna
Trog
Uskayaw
Vehumet
Wu Jian
Xom
Yredelemnul
Zin
The Shining One
Jiyva

Shops:
D:1 [   D:5 !   D:6 =   D:8 *   D:14 =   Orc:1 ?   Orc:2 ([![

Annotations:
D:9 Nergalle
D:11 3 runed translucent doors


Innate Abilities, Weirdness & Mutations

You are immune to sickness and miasma.
You are immune to poison.
Your flesh is very heat resistant. (rF++)
You are vulnerable to cold. (rC-)
You float through the air rather than walking.
You learn spells naturally, not from books.
Your magical power is your life essence.
You have superior vitality. (+4 HP)


Message History

The manticore is engulfed in a cloud of scalding steam.
You block the manticore's attack. The manticore closely misses you.
You block the manticore's attack.
Casting: Fireball (mildly dangerous; 1% risk of failure)
Confirm with . or Enter, or press ? or * to list all spells.
Aiming: Fireball (mildly dangerous; 1% risk of failure)
Press: ? - help, Shift-Dir - straight line The fireball explodes!
The manticore is engulfed in a cloud of scalding steam.
The manticore closely misses you.
The manticore claws you but does no damage. x2
A merfolk comes into view. It is wielding a +0 trident.
The manticore flicks its tail.
The volley of spikes hits you but does no damage.
The alligator snapping turtle closely misses you.
The manticore is engulfed in a cloud of scalding steam.
You kill the manticore!
Makhleb accepts your kill.
You feel better.
There is a stone staircase leading up here.
Casting: Fireball (mildly dangerous; 1% risk of failure)
Confirm with . or Enter, or press ? or * to list all spells.
Aiming: Fireball (mildly dangerous; 1% risk of failure)
Press: ? - help, Shift-Dir - straight line, f - alligator snapping turtle
Aim: an alligator snapping turtle The fireball explodes!
The fireball engulfs the alligator snapping turtle!
The alligator snapping turtle is lightly wounded.
The merfolk throws a throwing net.
You reflect the throwing net off your +2 kite shield of reflection!
The throwing net hits the merfolk.
The merfolk is caught in the net!
The merfolk struggles against the net.
The alligator snapping turtle bites you from afar!!
* * * LOW HITPOINT WARNING * * *
Unknown command.
Unknown command.
Unknown command.
The merfolk struggles against the net.
The alligator snapping turtle bites you from afar!!!
You die...

....... ≈.
....... #.
....m.. ..
.......##)
.........#### #
..........≈§#≈##
......t†)...§§§$
........††§§≈§≈§
........@.≈§≈≈≈≈
...).....≈..[.≈≈
.........≈≈≈"..≈
........≈≈≈≈...≈
.?...≈≈≈≈≈≈≈≈.≈≈
.....≈≈≈..≈≈≈≈≈≈
.....≈≈≈≈≈≈≈≈≈≈≈
....≈≈≈≈≈≈≈≈≈≈.


You could see an alligator snapping turtle and a merfolk (caught).

Vanquished Creatures
  Nikola (Shoals:2)
  Arachne (Spider:2)
  A kraken (Shoals:2)
  A storm dragon (D:13)
  Donald (Spider:1)
  3 ghost moths
  Aizul (Spider:2)
  4 emperor scorpions
  A very ugly thing (D:13)
  A stone giant (D:13)
  A war gargoyle (D:13)
  A minotaur (Gauntlet)
  A spark wasp (Spider:4)
  2 entropy weavers
  A green death (Gauntlet)
  A fire dragon (D:15)
  A merfolk impaler (Shoals:1)
  Josephine (Lair:5)
  2 vault guards (D:13)
  9 boulder beetles
  An ice dragon (D:15)
  3 catoblepae
  2 death knights (D:14)
  6 hydras
  3 merfolk avatars
  Erica (Lair:2)
  A satyr (Shoals:3)
  A merfolk aquamancer (Shoals:3)
  2 ogre magi (D:15)
  15 two-headed ogres
  5 centaur warriors
  A deep troll earth mage (D:13)
  8 death yaks
  3 tengu warriors
  5 orc high priests (Orc:2)
  Urug (Lair:2)
  11 sea snakes
  4 orc knights (Orc:2)
  2 lindwurms (Lair:6)
  2 phantasmal warriors (D:14)
  3 wolf spider zombies (Spider:4)
  2 wizards (D:14)
  11 harpies
  2 spectral wolf spiders (Spider:4)
  3 deep elf pyromancers (D:14)
  4 oklob plants
  20 orb spiders
  7 ugly things
  29 wolf spiders
  14 manticores
  A moth of wrath (Spider:4)
  10 fauns
  2 elephants (Lair:6)
  8 black mambas
  7 cyclopes
  Maurice (D:13)
  An elephant (shapeshifter) (D:13)
  5 merfolk sirens
  4 torpor snails
  14 cane toads
  4 water nymphs
  3 gargoyles
  12 komodo dragons
  2 orange demons (Gauntlet)
  2 kobold demonologists
  2 yaktaurs (D:15)
  13 demonic crawlers
  7 rime drakes
  4 freezing wraiths
  3 efreet
  A queen bee (D:12)
  8 trolls
  15 merfolk
  29 jumping spiders
  13 hornets
  6 meliai
  3 wind drakes
  8 slime creatures
  6 wolf spider simulacra (Spider:4)
  3 polar bears
  13 blink frogs
  10 snapping turtles
  A raiju (shapeshifter) (D:14)
  12 dream sheep
  82 redbacks
  A shadow (D:12)
  A centaur simulacrum (D:15)
  19 tarantellas
  6 water elementals
  8 wraiths
  A wyvern (Lair:4)
  9 humans (D:13)
  28 yaks
  9 basilisks
  2 steam dragons
  2 vampire mosquitoes (D:13)
  3 wargs
  2 acid dragons
  13 water moccasins
  22 orc warriors
  3 black bears
  A necrophage (D:6)
  15 wolves
  11 ogres
  8 centaurs
  A phantom (D:4)
  Blork the orc (D:4)
  11 bullfrogs
  5 kobold brigands
  A wyvern zombie (D:8)
  5 scorpions
  A water moccasin skeleton (D:4)
  19 killer bees
  7 howler monkeys
  A wight (D:9)
  8 electric eels
  A centaur zombie (D:9)
  2 lava snakes (D:10)
  2 bullfrog zombies (D:6)
  A jelly (D:5)
  25 orc priests
  3 gnoll shamans
  2 hounds
  Jessica (D:3)
  2 centaur skeletons
  An iguana (D:6)
  25 orc wizards
  Ijyb (D:4)
  A hell rat (Lair:6)
  Robin (D:4)
  A howler monkey zombie (D:8)
  21 gnolls
  6 adders
  A shadow imp (D:7)
  A white imp (D:6)
  2 ufetubi
  2 dart slugs
  55 orcs
  9 endoplasms
  A giant cockroach (D:3)
  17 goblins
  9 hobgoblins
  19 kobolds
  2 quokkas
  6 ball pythons
  A bat (D:3)
  3 frilled lizards (D:2)
  4 rats
  2 tentacles (Shoals:2)
976 creatures vanquished.

Vanquished Creatures (collateral kills)
  A tengu warrior (D:14)
  A foxfire (D:6)
2 creatures vanquished.

Vanquished Creatures (others)
  5 emperor scorpions (Spider:4)
  An entropy weaver (Spider:1)
  4 wolf spiders
  An orc knight (Orc:2)
  7 demonic crawlers
  5 jumping spiders
  6 redbacks
  4 tarantellas (Spider:4)
  An orc warrior (Orc:2)
  An orc priest (Orc:2)
  7 orcs
  708 foxfires
  33 fungi
  86 plants
  10 tentacles (Shoals:2)
879 creatures vanquished.

Grand Total: 1857 creatures vanquished

Notes
Turn   | Place    | Note
-------+----------+-------------------------------------------
     0 | D:1      | Nattfarinn the Djinni Fire Elementalist began the quest for
                  | the Orb.
     0 | D:1      | Reached XP level 1. HP: 15/15 MP: 0/0
   193 | D:1      | Reached skill level 1 in Fighting
   346 | D:1      | Reached XP level 2. HP: 15/22 MP: 0/0
   453 | D:1      | Found Tewasuph's Antique Armour Shoppe.
   704 | D:1      | You are sucked into a shaft and drop 1 floor!
   989 | D:2      | Reached skill level 2 in Fighting
   989 | D:2      | Reached XP level 3. HP: 22/28 MP: 0/0
   989 | D:2      | Learned a level 1 spell: Magic Dart
  1087 | D:2      | Reached XP level 4. HP: 15/34 MP: 0/0
  2182 | D:2      | Reached skill level 3 in Fighting
  2868 | D:3      | Reached XP level 5. HP: 36/40 MP: 0/0
  2868 | D:3      | Learned a level 2 spell: Searing Ray
  3097 | D:3      | Noticed Jessica
  3102 | D:3      | Killed Jessica
  3671 | D:4      | Reached skill level 4 in Fighting
  3818 | D:4      | Reached XP level 6. HP: 42/47 MP: 0/0
  4006 | D:4      | Found a staircase to the Ecumenical Temple.
  4028 | D:4      | Reached skill level 5 in Fighting
  4043 | Temple   | Entered the Ecumenical Temple
  4284 | Temple   | Became a worshipper of Makhleb the Destroyer
  4865 | D:4      | Noticed Blork the orc
  4873 | D:4      | Killed Blork the orc
  4874 | D:4      | Reached XP level 7. HP: 28/54 MP: 0/0
  4874 | D:4      | Learned a level 3 spell: Lesser Beckoning
  5596 | D:4      | Reached skill level 6 in Fighting
  5630 | D:4      | Noticed Robin
  5647 | D:4      | Killed Robin
  6108 | D:4      | Noticed Ijyb
  6114 | D:4      | Killed Ijyb
  6648 | D:5      | Entered Level 5 of the Dungeon
  6668 | D:5      | Reached XP level 8. HP: 47/62 MP: 0/0
  6956 | D:5      | Reached skill level 7 in Fighting
  7141 | D:5      | Found Vuhogrycw's Distillery.
  7148 | D:5      | Bought 2 potions of heal wounds for 120 gold pieces
  7148 | D:5      | Bought a potion of heal wounds for 60 gold pieces
  7236 | D:5      | Reached * piety under Makhleb
  7553 | D:5      | Reached skill level 8 in Fighting
  7553 | D:5      | Reached skill level 5 in Spellcasting
  8075 | D:6      | Reached XP level 9. HP: 37/71 MP: 0/0
  8075 | D:6      | Learned a level 3 spell: Ozocubu's Armour
  8981 | D:6      | Reached skill level 9 in Fighting
  9465 | D:6      | Found Soal's Jewellery Boutique.
 10341 | D:7      | Noticed a hornet
 10351 | D:7      | Killed a hornet
 10351 | D:7      | Reached ** piety under Makhleb
 10352 | D:7      | Reached skill level 10 in Fighting
 10507 | D:7      | Noticed a four-headed hydra
 10513 | D:7      | Killed a four-headed hydra
 10514 | D:7      | Reached XP level 10. HP: 29/81 MP: 0/0
 11133 | D:7      | Reached skill level 11 in Fighting
 12423 | D:8      | Found Mun Bog's CLEARANCE SALE! EVERYTHING MUST GO!.
 12499 | D:8      | Bought a scroll of teleportation for 18 gold pieces
 12499 | D:8      | Identified a scroll of acquirement
 12500 | D:8      | Acquired a manual of Fighting
 12583 | D:9      | Noticed a two-headed ogre
 12587 | D:9      | Killed a two-headed ogre
 12588 | D:9      | Reached skill level 12 in Fighting
 13280 | D:9      | Noticed a boulder beetle
 13297 | D:9      | Killed a boulder beetle
 13298 | D:9      | Reached skill level 13 in Fighting
 13564 | D:9      | Reached XP level 11. HP: 44/92 MP: 0/0
 13564 | D:9      | Learned a level 4 spell: Leda's Liquefaction
 13576 | D:9      | Noticed a two-headed ogre
 13580 | D:9      | Killed a two-headed ogre
 14006 | D:9      | Reached *** piety under Makhleb
 14007 | D:9      | Reached skill level 14 in Fighting
 14599 | D:10     | Entered Level 10 of the Dungeon
 15057 | D:10     | Reached skill level 15 in Fighting
 15059 | D:10     | Noticed a two-headed ogre
 15065 | D:10     | Killed a two-headed ogre
 15272 | D:10     | Noticed an oklob plant
 15274 | D:10     | Noticed a green ugly thing
 15275 | D:10     | Noticed Nergalle
 16334 | D:10     | Killed a green ugly thing
 16592 | D:10     | Found a staircase to the Lair.
 16622 | D:10     | Found a staircase to the Orcish Mines.
 16698 | D:10     | Found a runed translucent door.
 16782 | D:10     | Killed an oklob plant
 16880 | D:10     | Noticed a boulder beetle
 16904 | D:10     | Killed a boulder beetle
 17017 | D:11     | Reached skill level 16 in Fighting
 17017 | D:11     | Noticed a cyclops
 17027 | D:11     | Killed a cyclops
 17028 | D:11     | Reached XP level 12. HP: 82/103 MP: 0/0
 17396 | D:11     | Reached **** piety under Makhleb
 17407 | D:11     | Found a runed translucent gate.
 17407 | D:11     | Found a runed translucent gate.
 17408 | D:11     | Found a runed translucent gate.
 17550 | Lair:1   | Entered Level 1 of the Lair of Beasts
 18408 | Lair:2   | Reached skill level 17 in Fighting
 18541 | Lair:2   | Identified the +8 trident of Crusades {drain, Str+7 Int+3}
 18933 | Lair:2   | Identified the +0 ring mail of Cabb {Rampage Int-2 Dex+4}
 18975 | Lair:2   | Noticed Urug
 18980 | Lair:2   | Noticed Erica
 18982 | Lair:2   | Killed Urug
 18983 | Lair:2   | Reached XP level 13. HP: 90/112 MP: 0/0
 18983 | Lair:2   | Learned a level 5 spell: Manifold Assault
 19013 | Lair:2   | Killed Erica
 19169 | Lair:2   | Acquired a manual of Dodging
 19356 | Lair:3   | You are sucked into a shaft and drop 1 floor!
 19366 | Lair:4   | Reached skill level 10 in Spellcasting
 19399 | Lair:4   | Noticed a boulder beetle
 19485 | Lair:3   | Reached skill level 5 in Dodging
 19488 | Lair:3   | Reached ***** piety under Makhleb
 19535 | Lair:3   | Found a hole to the Spider Nest.
 19688 | Lair:3   | Noticed a catoblepas
 19693 | Lair:3   | Killed a catoblepas
 20263 | Lair:4   | Killed a boulder beetle
 20472 | Lair:4   | Found a staircase to the Shoals.
 20555 | Lair:4   | Noticed a five-headed hydra
 20566 | Lair:4   | Killed a five-headed hydra
 20803 | Lair:4   | Identified the +1 leather armour of Twilight {rN+}
 21047 | Lair:4   | You are sucked into a shaft and drop 2 floors!
 21047 | Lair:6   | Entered Level 6 of the Lair of Beasts
 21162 | Lair:6   | Noticed a boulder beetle
 21170 | Lair:6   | Killed a boulder beetle
 21201 | Lair:6   | Reached XP level 14. HP: 38/119 MP: 0/0
 21341 | Lair:6   | Reached skill level 10 in Dodging
 21888 | Lair:6   | Reached ****** piety under Makhleb
 22170 | Lair:5   | Noticed Josephine
 22175 | Lair:5   | Killed Josephine
 22350 | Lair:5   | Found a viscous altar of Jiyva.
 22350 | Lair:5   | Found a staircase to the Slime Pits.
 23500 | Orc:1    | Entered Level 1 of the Orcish Mines
 23507 | Orc:1    | Reached XP level 15. HP: 113/124 MP: 0/0
 23507 | Orc:1    | Learned a level 6 spell: Eringya's Noxious Bog
 23582 | Orc:1    | Found Xomunko's Magic Scroll Boutique.
 23882 | Orc:2    | Entered Level 2 of the Orcish Mines
 23977 | Orc:2    | Found a staircase to the Elven Halls.
 24363 | Orc:2    | Reached skill level 1 in Armour
 24498 | Orc:2    | Found Butwetus's Antique Armour Emporium.
 24498 | Orc:2    | Found Noampu Taib's Distillery.
 24499 | Orc:2    | Found Qonket's Armour Shoppe.
 24499 | Orc:2    | Found Zusaulo's Weapon Emporium.
 24523 | Orc:2    | Bought an embroidered scarf for 288 gold pieces
 24536 | Orc:2    | Bought a potion of heal wounds for 50 gold pieces
 24536 | Orc:2    | Bought a potion of heal wounds for 50 gold pieces
 24542 | Orc:2    | Bought an encrusted kite shield for 342 gold pieces
 24542 | Orc:2    | Identified the +3 kite shield "Jaostrop" {Harm} (You bought
                  | it in a shop on level 2 of the Orcish Mines)
 25497 | D:12     | Identified the +5 ring mail of the Ladybird {rN+ Int+3}
 25818 | D:13     | Found a gate leading to a gauntlet.
 25827 | Gauntlet | Entered a Gauntlet
 25827 | Gauntlet | Found a transporter.
 25838 | Gauntlet | Found a transporter.
 25862 | Gauntlet | Found a transporter.
 25866 | Gauntlet | Found a transporter.
 25887 | Gauntlet | Found a transporter.
 25903 | Gauntlet | Found a transporter.
 25912 | Gauntlet | Found a large runed translucent door.
 25913 | Gauntlet | Found a large runed translucent door.
 25914 | Gauntlet | Found a large runed translucent door.
 25915 | Gauntlet | Found a runed translucent gate.
 25916 | Gauntlet | Found a transporter.
 25916 | Gauntlet | Found a runed translucent gate.
 25917 | Gauntlet | Found a runed translucent gate.
 25919 | Gauntlet | Found a large runed translucent door.
 25920 | Gauntlet | Found a large runed translucent door.
 25934 | Gauntlet | Found a large runed translucent door.
 25935 | Gauntlet | Found a large runed translucent door.
 25936 | Gauntlet | Found a large runed translucent door.
 25936 | Gauntlet | Found a large runed translucent door.
 25936 | Gauntlet | Found a runed translucent door.
 25937 | Gauntlet | Found a large runed translucent door.
 25938 | Gauntlet | Found a large runed translucent door.
 25951 | Gauntlet | Found a transporter.
 25951 | Gauntlet | Found a transporter.
 25958 | Gauntlet | Found a transporter.
 25987 | Gauntlet | Found a large runed translucent door.
 25988 | Gauntlet | Found a large runed translucent door.
 25989 | Gauntlet | Found a large runed translucent door.
 25989 | Gauntlet | Found a large runed translucent door.
 25989 | Gauntlet | Found a runed translucent door.
 25990 | Gauntlet | Found a large runed translucent door.
 25992 | Gauntlet | Found a transporter.
 25992 | Gauntlet | Found a transporter.
 26315 | Gauntlet | Identified the +0 hat "Sykythio" {+Inv rF+}
 26370 | Gauntlet | Reached skill level 5 in Armour
 26378 | Gauntlet | Identified the amulet "Vowix" {Acrobat Int+3 Dex+7}
 26381 | Gauntlet | Identified the +2 robe of Delicate Amelioration {Dex+3}
 26469 | Gauntlet | Identified the Handbook of Enchanting Companions
 26576 | D:13     | Noticed Maurice
 26581 | D:13     | Killed Maurice
 26995 | D:13     | Reached XP level 16. HP: 124/130 MP: 0/0
 27188 | D:13     | Identified the ring "Zuxtac" {rPois rCorr Int-5 SInv}
 27317 | D:13     | Noticed a storm dragon
 27377 | D:13     | Killed a storm dragon
 27486 | D:13     | Identified the +4 glaive "Demonslayer" {vorpal, rF+}
 27790 | D:13     | Found a gate to the Vaults.
 27900 | D:14     | Found Qeusy's Jewellery Shoppe.
 28134 | D:14     | Found a blossoming altar of Fedhas.
 28922 | D:15     | Entered Level 15 of the Dungeon
 29009 | D:15     | Reached skill level 15 in Spellcasting
 29017 | D:15     | Reached skill level 1 in Evocations
 29353 | D:15     | Reached XP level 17. HP: 104/136 MP: 0/0
 29353 | D:15     | Learned a level 6 spell: Simulacrum
 29447 | D:15     | Reached skill level 5 in Evocations
 29836 | D:15     | Found a staircase to the Depths.
 30118 | Spider:1 | Entered Level 1 of the Spider Nest
 30905 | Spider:1 | Noticed Donald
 30911 | Spider:1 | Killed Donald
 31717 | Spider:2 | Noticed Arachne
 31727 | Spider:2 | Killed Arachne
 32384 | Spider:3 | Reached skill level 10 in Evocations
 32435 | Spider:3 | Noticed Aizul
 32439 | Spider:3 | Reached XP level 18. HP: 143/143 MP: 0/0
 32450 | Spider:2 | Killed Aizul
 33118 | Spider:4 | Entered Level 4 of the Spider Nest
 33148 | Spider:4 | Identified the +1 ring mail of the Lily {Harm *Slow rN+
                  | Int+4}
 34134 | Spider:4 | Got a gossamer rune of Zot
 34785 | Elf:1    | Entered Level 1 of the Elven Halls
 34962 | Shoals:1 | Entered Level 1 of the Shoals
 35096 | Shoals:1 | Reached XP level 19. HP: 148/148 MP: 0/0
 35096 | Shoals:1 | Learned a level 6 spell: Dispersal
 36781 | Shoals:3 | Noticed Nikola
 36804 | Shoals:2 | Killed Nikola
 37696 | Shoals:4 | Entered Level 4 of the Shoals
 37752 | Shoals:4 | Mangled by an alligator snapping turtle

Illustrated notes

Levels and vault maps discovered:
D:1:      lightli_arrival_chessboard, layout_loops_ring, serial_shops,
          nicolae_lakefront_shop
D:2:      layout_basic, grunt_decor_arrowhead
D:3:      layout_rooms, uniq_jessica
D:4:      layout_layer_cave, minmay_temple_entry_ruins, minmay_misc_feat_iff,
          uniq_robin, uniq_blork_the_orc, uniq_ijyb
D:5:      layout_basic, serial_shops, shop_statue
D:6:      layout_basic, nicolae_overflow_crystal_walls, serial_shops,
          kennysheep_mini_moat, corexii_shack
D:7:      layout_loops_corners, enter_bailey_5
D:8:      layout_loops_ring, nicolae_shop_clearance
D:9:      minmay_distorted_concentric_squares, layout_basic
D:10:     gammafunk_indiana_jones, layout_basic, dpeg_oklobed_lair, orc_0_dummy,
          uniq_nergalle
D:11:     layout_cave_pools, ploomutoo_gammafunk_ghost_potion_laboratory,
          minmay_misc_feat_diagonals
D:12:     layout_layer_cave, minivault_7
D:13:     minmay_chopped_fan, layout_basic, ximxim_vaults_locker_room,
          gauntlet_entry_generic, uniq_maurice
D:14:     minmay_four_partial_circles, layout_rooms, basic_altar, serial_shops,
          shop_coins, small_chamber_with_monster, minivault_16
D:15:     grunt_enter_depths_hoard, layout_basic, serial_bayou_pond_c
Temple:   nicolae_temple_the_god_donut
Lair:1:   layout_regular_city, infiniplex_staircase_pool_2
Lair:2:   nzn_winding_woodlands_huge [nzn_winding_woodlands_5x15_jagged,
          nzn_winding_woodlands_5x15_eye, nzn_winding_woodlands_5x15_garden,
          nzn_winding_woodlands_5x15_parted, nzn_winding_woodlands_5x15_default,
          nzn_winding_woodlands_5x15_pool, nzn_winding_woodlands_5x15_longhouse,
          nzn_winding_woodlands_5x15_lazy_stream,
          nzn_winding_woodlands_5x15_sidewinder,
          nzn_winding_woodlands_5x15_cabin,
          nzn_winding_woodlands_center_diamonds,
          nzn_winding_woodlands_center_triple_pond,
          nzn_winding_woodlands_15x15_eel_pit], layout_regular_city,
          chequers_serial_rivers_small_3, serial_bayou_pond_d, minivault_11,
          serial_bayou_pond_a, uniq_urug, uniq_erica
Lair:3:   layout_loops_ring, nicolae_spider_entry_orb_guardian,
          serial_bayou_shore_b
Lair:4:   layout_regular_city, minmay_shoals_entry_hut,
          portal_ice_cave_entry_pillars_1, serial_bayou_pond_e,
          grunt_megastairs_3, serial_bayou_shore_b, minmay_lair_oklob_chamber
Lair:5:   layout_gridlike, dpeg_slime_entry_enclosed_altar,
          chequers_serial_rivers_small_3, grunt_megastairs_5, uniq_josephine
Lair:6:   hangedman_lair_in_review, layout_cave_shapes
Shoals:1: layout_shoals
Shoals:2: layout_shoals
Shoals:3: layout_shoals, uniq_nikola
Shoals:4: shoals_end_grunt_ice, layout_shoals, serial_shops, shop, uniq_mara,
          uniq_bai_suzhen
Spider:1: layout_spider_delve, drop_trap, uniq_donald
Spider:2: layout_spider_delve, uniq_arachne
Spider:3: layout_spider_delve, uniq_aizul
Spider:4: guppyfry_spider_rune, nicolae_spider_undead_wolf_pack
Orc:1:    layout_caves, serial_shops, nicolae_square_shop
Orc:2:    st_orc_pillars, layout_diamond_mine
Elf:1:    minmay_elf_arrival_plus, layout_loops_corners, serial_shops,
          nicolae_shop_trees, nicolae_trove_entry_isolated,
          hangedman_corner_corridor

Skill      XL: |  1  2  3  4  5  6  7  8  9 10 11 12 13 14 15 16 17 18 19 |
---------------+----------------------------------------------------------+-----
Fighting       | 1 2 3 4 5 6 8 10 13 16 17 | 17.2
Spellcasting   | 3 4 5 6 7 8 9 11 13 14 15 16 | 16.6
Dodging        | 3 9 13 | 13.8
Armour         | 6 9 |  9.5
Evocations     | 4 10 13 14 | 14.7
Stealth        | |  1.5

Action                   |  1- 3 |  4- 6 |  7- 9 | 10-12 | 13-15 | 16-18 | 19-21 || total
-------------------------+-------+-------+-------+-------+-------+-------+-------++-------
Melee: Short sword       |       |     9 |    20 |     5 |       |       |       ||    34
       Staff             |       |       |       |    12 |       |       |       ||    12
       Trident           |       |       |       |       |    86 |   205 |    20 ||   311
       Unarmed           |       |       |       |       |     1 |       |       ||     1
 Cast: Foxfire           |    58 |   149 |   219 |     1 |       |     1 |     1 ||   429
       Sticky Flame      |       |       |    34 |    30 |    64 |    87 |     1 ||   216
       Searing Ray       |       |       |     4 |     6 |     1 |     9 |       ||    20
       Fireball          |       |       |     5 |   173 |   404 |   482 |   149 ||  1213
       Manifold Assault  |       |       |       |       |     1 |     4 |       ||     5
       Eringya's Noxious |       |       |       |       |     4 |    19 |       ||    23
       Simulacrum        |       |       |       |       |       |     3 |       ||     3
Evoke: Wand              |       |       |       |     1 |    21 |     3 |       ||    25
       Box of beasts     |       |       |       |       |       |     1 |       ||     1
       Condenser vane    |       |       |       |       |       |     1 |       ||     1
  Use: Scroll            |       |       |     6 |    13 |    18 |     8 |     2 ||    47
       Potion            |       |       |       |       |     4 |    10 |       ||    14
Armor: Robe              |       |     6 |    23 |     9 |       |       |       ||    38
       Troll leather arm |       |       |       |     6 |    82 |   267 |    33 ||   388
       Skin              |       |       |       |     1 |     1 |       |       ||     2
Dodge: Dodged            |     5 |    27 |    66 |    42 |   275 |   855 |   186 ||  1456
Block: Kite shield       |       |       |       |       |       |   304 |    82 ||   386
       Reflection        |       |       |       |       |       |     3 |     9 ||    12

Table legend: (Time is in decaauts)
 A = Elapsed time spent in this place.
 B = Non-inter-level travel time spent in this place.
 C = Inter-level travel time spent in this place.
 D = Time resting spent in this place.
 E = Time spent auto-exploring this place.
 F = Levels seen in this place.
 G = Mean time per level.
                   A        B        C        D        E       F      G
               +--------+--------+--------+--------+--------+-----+--------+
         Total |  37961 |  35679 |   2282 |   6722 |  23681 |  34 | 1116.5 |
       Dungeon |  21154 |  20006 |   1148 |   4531 |  13100 |  15 | 1410.3 |
        Temple |    789 |    756 |     33 |      0 |    755 |   1 |  789.0 |
          Lair |   7031 |   6320 |    711 |   1207 |   4328 |   6 | 1171.8 |
        Shoals |   2822 |   2717 |    105 |    161 |   2064 |   4 |  705.5 |
   Spider Nest |   3812 |   3666 |    146 |    686 |   2083 |   4 |  953.0 |
  Orcish Mines |   1702 |   1565 |    137 |     95 |   1140 |   2 |  851.0 |
   Elven Halls |      1 |      1 |      0 |      0 |      0 |   1 |    1.0 |
      Gauntlet |    647 |    647 |      0 |     42 |    210 |   1 |  647.0 |
               +--------+--------+--------+--------+--------+-----+--------+

Top non-repeatable levels by time:
     D:9: 2595 daAuts
     D:4: 2241 daAuts
     D:7: 1833 daAuts
     D:2: 1776 daAuts
    D:10: 1757 daAuts
    D:13: 1697 daAuts
  Lair:3: 1659 daAuts
     D:5: 1549 daAuts
     D:8: 1512 daAuts
     D:6: 1333 daAuts
  Lair:2: 1316 daAuts
  Lair:6: 1161 daAuts
Spider:2: 1137 daAuts
     D:3: 1136 daAuts
   Orc:2: 1128 daAuts
